 Dungeon Crawl Stone Soup version 0.23.2-40-g277498a001 (webtiles) character file.

Game seed: 80657047641890441

61 L75 the Skirmisher (level 3, -3/33 HPs)
             Began as a Draconian Abyssal Knight on Sept 30, 2019.
             Was a Follower of Lugonu.
             Slain by a gnoll
             ... wielding a +0 halberd
              (7 damage)
             ... on level 1 of the Dungeon.
             The game lasted 00:36:07 (1714 turns).

L75 the Skirmisher (Draconian Abyssal Knight)       Turns: 1714, Time: 00:36:08

Health: -3/33      AC:  6    Str: 15    XL:     3   Next: 83%
Magic:  4/4        EV: 12    Int: 12    God:    Lugonu [*.....]
Gold:   136        SH:  0    Dex: 10    Spells: 2/2 levels left

rFire    . . .     SeeInvis .   a - +1 spear
rCold    . . .     Gourm    .   (no shield)
rNeg     . . .     Faith    .   (armour unavailable)
rPois    .         Spirit   .   (helmet restricted)
rElec    .         Reflect  .   j - +0 cloak
rCorr    .         Harm     .   (no gloves)
MR       .....                  (no boots)
Stlth    +.........             (no amulet)
HPRegen  0.11/turn              (no ring)
MPRegen  0.09/turn              (no ring)

@: no status effects
A: unfitting armour, cold-blooded, AC +5
a: Depart the Abyss, Renounce Religion


You were on level 1 of the Dungeon.
You worshipped Lugonu.
Lugonu was aware of your devotion.
You were hungry.

You visited 1 branch of the dungeon, and saw 2 of its levels.
You visited the Abyss 1 time.

You collected 136 gold pieces.

Inventory:

Hand Weapons
 a - a +1 spear (weapon)
Missiles
 f - 9 poisoned needles
Armour
 j - a +0 cloak (worn)
Jewellery
 c - an uncursed ring of protection from cold {unknown}
Scrolls
 e - a scroll of teleportation {unknown}
 g - a scroll of immolation {unknown}
 h - a scroll of identify {unknown}
 i - a scroll of remove curse {unknown}
Potions
 d - a potion of cancellation {unknown}
 k - a potion of flight {unknown}
Comestibles
 b - 3 rations
 l - 6 chunks of flesh


   Skills:
 + Level 4.0 Fighting
 * Level 3.0 Polearms
 + Level 2.5 Dodging
 + Level 1.0 Stealth
 + Level 2.1 Invocations


You had 2 spell levels left.
You didn't know any spells.
Your spell library was empty.

Dungeon Overview and Level Annotations

Branches:
Dungeon (2/15)

Altars:


Innate Abilities, Weirdness & Mutations

Your plain brown scales are hard. (AC +5)
You cannot fit into any form of body armour.
You are cold-blooded and may be slowed by cold attacks.


Message History

There is a stone staircase leading up here.
You climb upwards.
There is a stone staircase leading down here.
You climb downwards.
The gnoll hits you with a +0 halberd!
* * * LOW HITPOINT WARNING * * *
There is a stone staircase leading up, spattered with blood here.
You can't go down here!
The gnoll hits you but does no damage.
You climb upwards.
There is a stone staircase leading down here.
You are too injured to fight recklessly!
You are too injured to fight recklessly!
You are too injured to fight recklessly!
You are too injured to fight recklessly!
You are too injured to fight recklessly!
You are too injured to fight recklessly!
You are too injured to fight recklessly!
You are too injured to fight recklessly!
You hit the gnoll but do no damage. The gnoll hits you with a +0 halberd!
You die...

.##.........#.##..########.#)###.
.##.#.........##...........#.# #.
.##.#....)....##...#########.# #.
.##.#..............# #.....[# #.
....#.#.....#.###..# #....### #.
..#...#.......#....####....'.# #.
....#.#.......#.##.#..'....#.# #.
#.############..##..###....#.# #.
#.#...........##@.### ###.##.###.
#.#.############.g### #.##.#...
#.#.#...........##).# #.##.###.
#.#.#.........#.##.## #.##.# #.
#(#.#....#####.#..## #.##.###.
#..)...#.......#..### #.##.#...
###.#..#########....#####.##.#.#.
#...(...................#.##.#.##
#.#.#.........#.###.#.###.##.#.#


You could see a gnoll.

Vanquished Creatures
  A gnoll (D:2)
  An ooze (D:1)
  2 worms (D:2)
  A dart slug (D:1)
  A leopard gecko (D:2)
  4 giant cockroaches
  6 goblins
  6 hobgoblins
  3 jackals (D:1)
  3 kobolds (D:1)
  A bat (D:2)
  A frilled lizard (D:2)
  6 rats
36 creatures vanquished.

Notes
Turn   | Place    | Note
-------+----------+-------------------------------------------
     0 | Abyss:1  | L75 the Draconian Abyssal Knight began the quest for the
                  | Orb.
     0 | Abyss:1  | Reached XP level 1. HP: 19/19 MP: 2/2
   108 | Abyss:1  | Noticed a chaos spawn
   110 | D:1      | Escaped the Abyss
   117 | D:1      | Noticed an electric eel
   117 | D:1      | Noticed an electric eel
   383 | D:1      | Reached XP level 2. HP: 26/26 MP: 3/3
   546 | D:1      | Reached * piety under Lugonu
  1012 | D:1      | Reached XP level 3. HP: 33/33 MP: 4/4
  1190 | D:2      | Reached skill level 4 in Fighting
  1645 | D:2      | Reached skill level 1 in Stealth
  1714 | D:1      | Slain by a gnoll

Skill      XL: |  1  2  3 |
---------------+----------+-----
Fighting       | 4 |  4.0
Polearms       | 3 |  3.0
Stealth        | 1 |  1.0
Dodging        | |  2.5
Invocations    | |  2.1

Action                   || total
-------------------------++-------
Melee: Spear             ||   114
       Tailslap          ||    10
Invok: Depart the Abyss  ||     1
 Stab: Sleeping          ||     1
  Eat: Chunk             ||     2
Armor: Skin              ||    17
Dodge: Dodged            ||    27
